 Dungeon Crawl Stone Soup version 0.23-a0-29-g1be82e5 (webtiles) character file.

30 asd12 the Sneak (level 3, 27/27 HPs)
             Began as a Demonspawn Assassin on Aug 3, 2018.
             Quit the game on level 2 of the Dungeon.
             The game lasted 00:00:49 (945 turns).

asd12 the Sneak (Demonspawn Assassin)                Turns: 945, Time: 00:00:50

Health: 27/27      AC:  3    Str: 11    XL:     3   Next: 5%
Magic:  3/3        EV: 12    Int: 12    God:
Gold:   110        SH:  4    Dex: 15    Spells: 2/2 levels left

rFire    . . .     SeeInvis .   a - +2 dagger
rCold    . . .     Gourm    .   (no shield)
rNeg     . . .     Faith    .   c - +0 robe
rPois    .         Spirit   .   (no helmet)
rElec    .         Reflect  .   d - +0 cloak
rCorr    .         Harm     .   (no gloves)
MR       .....                  (no boots)
Stlth    +++.......             m - amulet of regeneration
HPRegen  0.49/turn              (no ring)
MPRegen  0.08/turn              (no ring)

@: no status effects
A: large bone plates 1, spiny 1
a: no special abilities


You were on level 2 of the Dungeon.
You were not hungry.

You visited 1 branch of the dungeon, and saw 2 of its levels.

You collected 110 gold pieces.

Inventory:

Hand Weapons
 a - a +2 dagger (weapon)
 b - a +0 blowgun
Missiles
 e - 19 poisoned needles
 f - 2 curare-tipped needles
Armour
 c - a +0 robe (worn)
 d - a +0 cloak (worn)
Jewellery
 m - an amulet of regeneration (around neck)
Scrolls
 j - 4 scrolls of identify {unknown}
 k - a scroll of fog {unknown}
 l - a scroll of teleportation {unknown}
Potions
 h - 3 potions of curing {unknown}
 i - a potion of resistance {unknown}
 n - a potion of lignification {unknown}
 o - a potion of agility {unknown}
Comestibles
 g - 4 rations


   Skills:
 + Level 2.1 Fighting
 + Level 2.1 Short Blades
 + Level 1.9 Throwing
 + Level 1.0 Dodging
 + Level 4.3 Stealth


You had 2 spell levels left.
You didn't know any spells.
Your spell library was empty.

Dungeon Overview and Level Annotations

Branches:
Dungeon (2/15)

Altars:


Innate Abilities, Weirdness & Mutations

You are partially covered in large bone plates. (SH +4)
You are partially covered in sharp spines.


Message History

No target in view!
No target in view!
No target in view!
No target in view!
No target in view!
No target in view!
Things that are here:
a club; a goblin corpse You see here a giant cockroach corpse.
Found a hand axe.
g - 4 rations (gained 1)
You see here a hand axe.
Key pressed, stopping explore.
Found a stone staircase leading down.
A frilled lizard comes into view.
The frilled lizard hisses angrily.
Found an escape hatch in the floor.
A frilled lizard is nearby!
A frilled lizard is nearby!
Are you sure you want to abandon this character and quit the game? (Confirm with "yes".)

># .## .. ## #.###. #..#.?
#####.#.###.#.#
........>.l...# #### #.@###
####... #..#. ###....##
######..#.# #...####
####.........# #.#.#
#....#####..## ####'#####
#.#### ##..# #.......## #.#
#...######.⌠...⌠)#.
#.#######.#......#.......#.
#.##...........#.'...⌠...'.


You could see a frilled lizard.

Vanquished Creatures
  An ooze (D:2)
  A dart slug (D:1)
  3 giant cockroaches
  6 hobgoblins
  A ball python (D:1)
  2 frilled lizards
  3 goblins
  2 kobolds
  4 rats
23 creatures vanquished.

Notes
Turn   | Place    | Note
-------+----------+-------------------------------------------
     0 | D:1      | asd12 the Demonspawn Assassin began the quest for the Orb.
     0 | D:1      | Reached XP level 1. HP: 16/16 MP: 1/1
   150 | D:1      | Reached skill level 4 in Stealth
   322 | D:1      | Gained mutation: You are partially covered in large bone plates. (SH +4) [demonic ancestry]
   322 | D:1      | Reached XP level 2. HP: 17/22 MP: 2/2
   882 | D:2      | Reached skill level 1 in Dodging
   908 | D:2      | Gained mutation: You are partially covered in sharp spines. [demonic ancestry]
   908 | D:2      | Reached XP level 3. HP: 27/27 MP: 3/3
   945 | D:2      | Quit the game

Vault maps used:
D:1:      minmay_arrival_glassed_features, minmay_distorted
D:2:      first_ration, minmay_fountain_box

Skill      XL: |  1  2 |
---------------+-------+-----
Stealth        | 4 |  4.3
Short Blades   | 2 |  2.1
Dodging        | 1 |  1.0
Fighting       | |  2.1
Throwing       | |  1.9

Action                   || total
-------------------------++-------
Melee: Dagger            ||    70
 Stab: Sleeping          ||     4
Armor: Robe              ||    10
Dodge: Dodged            ||    34
Block: Other             ||     9

Table legend:
 A = Spawn XP
 B = Non-spawn XP
 C = Spawn XP percentage of total XP
 D = Spawn monster count
 E = Non-spawn monster count
 F = Spawn count percentage of total count
 G = Total turns spent on level
                    A         B        C        D         E        F      G
               +---------+---------+-------+---------+---------+-------+---------
         Total |       0 |      44 |   0.0 |       0 |      23 |   0.0 |   945
               +---------+---------+-------+---------+---------+-------+---------
           D:1 |       0 |      22 |   0.0 |       0 |      13 |   0.0 |   584
           D:2 |       0 |      22 |   0.0 |       0 |      10 |   0.0 |   361
               +---------+---------+-------+---------+---------+-------+---------
